 Dungeon Crawl Stone Soup version 0.30.0-10-gfe55d96785 (webtiles) character file.

Game seed: 1004590471550712436

630 Leibowitz the Trooper (level 7, 0/75 HPs)
             Began as an Ogre Berserker on May 16, 2023.
             Was a Priest of Trog.
             Killed by divine providence
             ... invoked by an orc priest
              (10 damage)
             ... on level 5 of the Dungeon.
             The game lasted 00:09:00 (4429 turns).

Leibowitz the Trooper (Ogre Berserker)              Turns: 4429, Time: 00:09:00

Health: 0/75       AC:  3    Str: 24    XL:     7   Next: 48%
Magic:  7/7        EV: 10    Int:  8    God:    Trog [***...]
Gold:   222        SH:  0    Dex:  8    Spells: 6/6 levels left

rFire   . . .        a - +1 trident (vamp)
rCold   . . .        (no shield)
rNeg    . . .        b - +0 animal skin
rPois   .            (helmet restricted)
rElec   .            (no cloak)
rCorr   .            (gloves unavailable)
SInv    .            (boots unavailable)
Will    .....        (no amulet)
Stlth   +            (no ring)
HPRegen 0.32/turn    (no ring)
MPRegen 0.10/turn

%: no passive effects
@: no status effects
A: large, unfitting armour, tough skin 1
a: Renounce Religion, Berserk, Trog's Hand


You were on level 5 of the Dungeon.
You worshipped Trog.
Trog was most pleased with you.
You visited 1 branch of the dungeon, and saw 5 of its levels.

You collected 222 gold pieces.

Inventory:

Hand Weapons
 a - a +1 vampiric trident (weapon)
 p - a +0 scythe
Missiles
 m - 2 throwing nets (quivered)
Armour
 b - a +0 animal skin (worn)
Jewellery
 r - a +6 ring of intelligence
Wands
 k - a wand of iceblast (21)
 l - a wand of flame (18)
Scrolls
 c - 8 scrolls of identify {unknown}
 g - a scroll of fear {unknown}
 h - a scroll of immolation {unknown}
 i - a scroll of brand weapon {unknown}
 j - a scroll of magic mapping {unknown}
Potions
 d - 2 potions of curing {unknown}
 e - a potion of berserk rage {unknown}
 f - a potion of degeneration {unknown}
 n - 2 potions of heal wounds {unknown}
 o - a potion of might {unknown}
 q - a potion of ambrosia {unknown}


   Skills:
 * Level 6.3 Fighting
 * Level 6.1 Polearms
 * Level 1.8 Armour
 * Level 4.1 Dodging


You had 6 spell levels left.
You didn't know any spells.
Your spell library was empty.

Dungeon Overview and Level Annotations

Branches:
Dungeon (5/15)
 Temple: D:4-7

Altars:
Ru

Shops:
D:1 *


Innate Abilities, Weirdness & Mutations

You are too large for most types of armour.
You have tough skin. (AC +1)


Message History

You hit the orc.
You feel better.
You kill the orc!
Trog accepts your kill. The orc priest hits you with a +0 whip.
You hit the orc priest.
You feel better.
The orc priest is moderately wounded.
The orc priest invokes the aid of Beogh against you.
Pain shoots through your body!
You completely miss the orc priest.
The orc priest is moderately wounded.
The orc priest hits you with a +0 whip.
* * * LOW HITPOINT WARNING * * *
You hit the orc priest.
You feel better.
The orc priest is heavily wounded.
The orc priest mumbles some strange prayers to Beogh against you.
Pain shoots through your body!
* * * LOW HITPOINT WARNING * * *
You hit the orc priest.
You feel better.
The orc priest is heavily wounded.
The orc priest barely misses you.
You barely miss the orc priest.
The orc priest is heavily wounded.
The orc priest mumbles some strange prayers to Beogh against you.
You struggle to resist.
You completely miss the orc priest.
The orc priest is heavily wounded.
The orc priest hits you with a +0 whip.
* * * LOW HITPOINT WARNING * * *
You closely miss the orc priest.
The orc priest is heavily wounded.
The orc priest hits you with a +0 whip.
* * * LOW HITPOINT WARNING * * *
You barely miss the orc priest.
The orc priest is heavily wounded.
The orc priest hits you but does no damage.
You barely miss the orc priest.
The orc priest is heavily wounded.
The orc priest invokes the aid of Beogh against you.
Beogh smites you!
You die...

...........#...####
..#####.####...# . ##.#
###.# #.####..# #.#
#....#.## #.# #....# #.##
######..## #..#
#........### ##.#
#.######.@)###..# #######
###o.##.#####PP.P.#
##...##.##P.#^..P^#
#.#####..####..#.#.^._^P#
#.....o.## ###..##..P.^#
###.?.)## #####PPPPP#
....##. ####### ... #. ##
#.


You could see an orc priest.

Vanquished Creatures
  Sigmund (D:2)
  An ogre (D:4)
  A hound (D:4)
  An orc priest (D:4)
  Terence (D:2)
  A sleepcap (D:4)
  An iguana (D:4)
  An orc wizard (D:5)
  7 gnolls
  7 adders
  2 worms
  3 dart slugs
  6 orcs
  12 ball pythons
  4 bats
  5 endoplasms
  3 giant cockroaches
  8 goblins
  11 hobgoblins
  5 jackals
  7 kobolds
  4 quokkas
  3 frilled lizards
  5 rats
100 creatures vanquished.

Notes
Turn   | Place    | Note
-------+----------+-------------------------------------------
     0 | D:1      | Leibowitz the Ogre Berserker began the quest for the Orb.
     0 | D:1      | Reached XP level 1. HP: 24/24 MP: 1/1
   267 | D:1      | Reached XP level 2. HP: 23/32 MP: 2/2
   542 | D:1      | Reached XP level 3. HP: 38/40 MP: 3/3
   545 | D:1      | Reached ** piety under Trog
   546 | D:1      | Found Ilycriv's General Store.
  1356 | D:2      | Reached XP level 4. HP: 23/49 MP: 4/4
  1754 | D:2      | Noticed Terence
  1777 | D:2      | Killed Terence
  1778 | D:2      | Reached skill level 5 in Fighting
  1778 | D:2      | Reached XP level 5. HP: 18/57 MP: 5/5
  1941 | D:2      | Noticed Sigmund
  1950 | D:2      | Killed Sigmund
  1951 | D:2      | Reached skill level 5 in Polearms
  1951 | D:2      | Reached skill level 1 in Armour
  1951 | D:2      | Reached XP level 6. HP: 66/66 MP: 6/6
  2581 | D:3      | Identified the +12 whip of Zutetuor {vamp, Str+3 SInv}
  3520 | D:4      | Reached XP level 7. HP: 41/75 MP: 7/7
  3699 | D:4      | Reached *** piety under Trog
  4298 | D:5      | Entered Level 5 of the Dungeon
  4359 | D:5      | Found a sacrificial altar of Ru.
  4429 | D:5      | Killed from afar by an orc priest

Illustrated notes

Levels and vault maps discovered:
D:1:      minmay_arrival_nine_rooms, layout_loops_cross, serial_shops, shop,
          minmay_tree_intersection, grunt_decor_cap, minmay_tripent
D:2:      layout_loops_ring, uniq_terence, uniq_sigmund
D:3:      layout_basic, nicolae_half_adder
D:4:      layout_loops_ring, minmay_misc_feat_room
D:5:      layout_rooms, nicolae_ru_the_path_less_chosen, minmay_holes,
          chequers_decorated_corner

Skill      XL: |  1  2  3  4  5  6  7 |
---------------+----------------------+-----
Dodging        | 3 4 |  4.1
Polearms       | 4 5 6 |  6.1
Fighting       | 5 6 |  6.3
Armour         | 1 |  1.8

Action                     |  1- 3 |  4- 6 |  7- 9 || total
---------------------------+-------+-------+-------++-------
  Melee: Spear             |   170 |    62 |       ||   232
         Punch             |     1 |     1 |     1 ||     3
         Trident           |       |    51 |    59 ||   110
         Halberd           |       |    47 |       ||    47
 Invoke: Berserk           |     1 |     2 |       ||     3
 Armour: Animal skin       |    49 |    28 |     8 ||    85
  Dodge: Dodged            |    85 |    79 |    36 ||   200
